 Dungeon Crawl Stone Soup version 0.31-a0-963-ga325b2283a (webtiles) character file.

Game seed: 2740937939820024610

3035 Spaninq the Firebug (level 9, -5/78 HPs)
             Began as a Pale Draconian Cinder Acolyte on Oct 25, 2023.
             Was a High Priest of Ignis.
             Slain by a boulder beetle (20 damage)
             ... on level 7 of the Dungeon.
             The game lasted 00:24:54 (8197 turns).

Spaninq the Firebug (Pale Draconian Cinder Acolyte) Turns: 8197, Time: 00:24:55

Health: -5/78      AC: 11    Str: 18    XL:     9   Next: 56%
Magic:  1/17       EV: 11    Int: 18    God:    Ignis [*****.]
Gold:   293        SH:  0    Dex:  6    Spells: 8/19 levels left

rFire   + . .        g - +2 spear (flame)
rCold   . . .        (no shield)
rNeg    + . .        (body armour unavailable)
rPois   .            (helmet restricted)
rElec   .            p - +0 cloak
rCorr   .            t - +1 pair of gloves
SInv    .            a - +0 pair of boots
Will    .....        (no amulet)
Stlth   +            u - ring of positive energy
HPRegen 0.33/turn    (no ring)
MPRegen 0.15/turn

%: no passive effects
@: short of breath
A: breathe steam, AC +7, unfitting armour, cold-blooded, steam resistance
a: Breathe Steam, Renounce Religion, Fiery Armour, Foxfire Swarm, Rising Flame


You were on level 7 of the Dungeon.
You worshipped Ignis.
Ignis was extremely pleased with you.
You visited 1 branch of the dungeon, and saw 7 of its levels.
You also visited: Sewer.

You collected 293 gold pieces.

Inventory:

Hand Weapons
 g - a +2 spear of flaming (weapon)
Missiles
 o - a throwing net
Armour
 a - a +0 pair of boots (worn)
 p - a +0 cloak (worn)
 t - a +1 pair of gloves (worn)
Jewellery
 u - a ring of positive energy (left hand)
Wands
 c - a wand of polymorph (14)
 h - a wand of acid (15)
 n - a wand of roots (10)
 x - a wand of flame (20)
Scrolls
 f - 4 scrolls of teleportation
 i - 2 scrolls of fog
 k - a scroll of revelation
 r - a scroll of enchant weapon {unknown}
 s - a scroll of torment {unknown}
Potions
 b - a potion of might {unknown}
 d - a potion of magic {unknown}
 e - a potion of degeneration {unknown}
 j - 3 potions of heal wounds
 l - 3 potions of curing
 m - a potion of cancellation {unknown}
 q - 4 potions of haste
 z - 3 potions of enlightenment


   Skills:
 + Level 6.8 Fighting
 - Level 4.6 Polearms
 + Level 5.8 Spellcasting
 * Level 4.7 Conjurations
 + Level 7.7 Fire Magic
 + Level 5.1 Air Magic
 + Level 2.2 Poison Magic


You had 8 spell levels left.
You knew the following spells:

 Your Spells              Type           Power      Damage    Failure   Level
a - Scorch                Fire           66%        2d7       1%          2
b - Mephitic Cloud        Conj/Pois/Air  19%        N/A       7%          3
c - Magic Dart            Conj           88%        1d7       1%          1
d - Fireball              Conj/Fire      13%        3d7       26%         5

Your spell library contained the following spells:

 Spells                   Type           Power      Damage    Failure   Level
 Flame Wave               Conj/Fire      27%        2d9       10%         4
 Call Imp                 Summ           10%        N/A       19%         2
 Call Canine Familiar     Summ           5%         N/A       36%         3
 Sigil of Binding         Hex            5%         N/A       36%         3
 Brom's Barrelling Bould  Conj/Erth      13%        2d4       41%         4
 Iskenderun's Battlesphe  Conj           22%        2d8       43%         5
 Dimensional Bullseye     Hex/Tloc       2%         N/A       77%         4
 Leda's Liquefaction      Hex/Erth       2%         N/A       77%         4
 Conjure Ball Lightning   Conj/Air       11%        3x3d6     94%         6
 Summon Cactus Giant      Summ           2%         N/A       100%        6
 Orb of Destruction       Conj           11%        9d6       100%        7


Dungeon Overview and Level Annotations

Branches:
Dungeon (7/15)             Temple (0/1) D:6           Sewer (visited)

Altars:
Ashenzari
Elyvilon
Ru
Trog
Zin
The Shining One

Shops:
D:3 !   D:5 (

Annotations:
D:4 3 runed translucent doors, IdlyInterested's ghost, amateur DsGl


Innate Abilities, Weirdness & Mutations

You can breathe blasts of scalding, opaque steam.
Your pale cyan-grey scales are hard. (AC +7)
You cannot fit into any form of body armour.
You are cold-blooded and may be slowed by cold attacks.
You are immune to the effects of steam.


Message History

Confirm with . or Enter, or press ? or * to list all spells.
You don't have enough magic to cast this spell.
You have got your breath back.
There is a stone staircase leading up, spattered with blood here.
Aiming: Breathe Steam (1% risk of failure)
Press: ? - help, Shift-Dir - straight line, f - boulder beetle
Aim: a boulder beetle (moderately wounded, confused, more vulnerable to fire, 100% to hit)
You exhale a blast of scalding steam.
The ball of steam hits the boulder beetle.
The boulder beetle is moderately wounded.
The boulder beetle bites you!!
Casting: Scorch (safe; 1% risk of failure)
Confirm with . or Enter, or press ? or * to list all spells.
You don't have enough magic to cast this spell.
You hit the boulder beetle but do no damage.
You tail-slap the boulder beetle, but do no damage.
The boulder beetle is moderately wounded.
You hit the boulder beetle but do no damage.
You tail-slap the boulder beetle, but do no damage.
You punch the boulder beetle, but do no damage.
The boulder beetle is moderately wounded.
The boulder beetle seems less confused.
The boulder beetle is no longer more vulnerable to fire.
The boulder beetle bites you.
The boulder beetle attacks as it pursues you!
The boulder beetle bites you!!
* * * LOW HITPOINT WARNING * * *
You hit the boulder beetle but do no damage.
The boulder beetle is moderately wounded.
The boulder beetle bites you.
* * * LOW HITPOINT WARNING * * *
The boulder beetle bites you but does no damage.
There is a stone staircase leading up, spattered with blood here.
You hit the boulder beetle but do no damage.
The boulder beetle is moderately wounded.
The boulder beetle closely misses you.
You hit the boulder beetle but do no damage.
The boulder beetle is moderately wounded.
The boulder beetle bites you!!
You die...

..##..........................###
.............#..............###
.............#................##
...............................##
###......#.......(###......##....
###.....##.....................##
.##......#............###.######
................B.....#####.
........#.#.....@.......##..
........###..............#.###
.).......##............#.#B#B##
........###............#.#..#°##
.........#.............#.#.###B#
............>)..##.......#..#†###
....)).).............##..#.###.#.
.....).......##......#...#..#.#T#
...)..........##.........#.######


You could see a boulder beetle.

Vanquished Creatures
  2 trolls
  Eustachio (D:5)
  2 water moccasins
  Pargi (Sewer)
  A black bear (D:7)
  2 orc warriors
  2 ice beasts
  2 sky beasts
  5 ogres
  A phantom (D:6)
  A kobold brigand (D:7)
  2 bullfrogs
  Blork the orc (D:4)
  2 scorpions
  A howler monkey (D:6)
  An orc priest (D:6)
  2 hounds
  A sleepcap (D:4)
  6 iguanas
  3 orc wizards
  Robin (D:4)
  3 gnolls
  6 adders
  3 white imps
  4 ufetubi
  3 worms
  4 dart slugs
  8 orcs
  5 endoplasms
  5 giant cockroaches
  10 goblins
  6 hobgoblins
  4 jackals (D:4)
  15 kobolds
  5 quokkas
  3 ball pythons
  7 bats
  5 frilled lizards
  8 rats
144 creatures vanquished.

Notes
Turn   | Place    | Note
-------+----------+-------------------------------------------
     0 | D:1      | Spaninq the Draconian Cinder Acolyte began the quest for
                  | the Orb.
     0 | D:1      | Reached XP level 1. HP: 19/19 MP: 2/2
   148 | D:1      | Reached XP level 2. HP: 5/26 MP: 4/4
   153 | D:1      | Learned a level 2 spell: Scorch
   919 | D:2      | Reached XP level 3. HP: 31/31 MP: 2/5
  1426 | D:2      | Found a faded altar of an unknown god.
  1589 | D:3      | Found a broken altar of Ashenzari.
  1620 | D:3      | Reached XP level 4. HP: 23/40 MP: 1/7
  1771 | D:3      | Reached skill level 4 in Fire Magic
  1855 | D:3      | Found Qiotrum's Distillery.
  2259 | D:3      | Reached XP level 5. HP: 46/46 MP: 2/9
  3041 | D:4      | Noticed Robin
  3060 | D:4      | Killed Robin
  3513 | D:4      | Reached XP level 6. HP: 46/53 MP: 6/11
  3513 | D:4      | Noticed Blork the orc
  3518 | D:4      | Killed Blork the orc
  3519 | D:4      | Reached skill level 5 in Fire Magic
  3626 | D:4      | Found a runed translucent gate.
  3626 | D:4      | Found a runed translucent gate.
  3627 | D:4      | Found a runed translucent gate.
  3628 | D:4      | Noticed IdlyInterested's ghost (amateur DsGl)
  3890 | D:4      | Noticed a sky beast
  3893 | D:4      | Killed a sky beast
  4182 | D:5      | Entered Level 5 of the Dungeon
  4262 | D:5      | Found Rebbelyu's Weapon Shop.
  4297 | D:5      | Your scales start taking on a pale cyan-grey colour.
  4297 | D:5      | Reached skill level 6 in Fire Magic
  4297 | D:5      | Reached XP level 7. HP: 32/60 MP: 6/13
  4297 | D:5      | Gained mutation: You are immune to the effects of steam.
                  | [Pale Draconian growth]
  4309 | D:5      | Found a glowing drain.
  4354 | Sewer    | Entered a sewer
  4470 | Sewer    | Noticed Pargi
  4475 | Sewer    | Killed Pargi
  4476 | Sewer    | Reached skill level 5 in Fighting
  4891 | D:5      | Found a bloodstained altar of Trog.
  4892 | D:5      | Found a sacrificial altar of Ru.
  4924 | D:5      | Noticed Eustachio
  4966 | D:5      | Killed Eustachio
  5050 | D:5      | Learned a level 3 spell: Mephitic Cloud
  5173 | D:5      | Reached XP level 8. HP: 65/69 MP: 8/15
  5177 | D:5      | Reached skill level 1 in Air Magic
  5452 | D:5      | Reached skill level 1 in Conjurations
  5648 | D:5      | Reached skill level 5 in Spellcasting
  5784 | D:6      | Noticed a troll
  5803 | D:5      | HP: 2/70 [orc warrior/+0 glaive (17)]
  6128 | D:6      | Killed a troll
  6129 | D:6      | Reached skill level 7 in Fire Magic
  6355 | D:6      | Learned a level 1 spell: Magic Dart
  6370 | D:6      | Learned a level 5 spell: Fireball
  6477 | D:6      | Found a staircase to the Ecumenical Temple.
  6737 | D:6      | Reached XP level 9. HP: 69/75 MP: 2/17
  6885 | D:6      | Found a glowing golden altar of the Shining One.
  6887 | D:6      | Found a white marble altar of Elyvilon.
  6891 | D:6      | Found a glowing silver altar of Zin.
  7005 | D:6      | Reached skill level 1 in Poison Magic
  7580 | D:7      | Identified the +3 robe "Epin" {rElec rCorr MP-9 Int-2
                  | Archmagi}
  7590 | D:7      | Reached skill level 5 in Air Magic
  7921 | D:7      | Noticed a boulder beetle
  7923 | D:7      | Noticed a troll
  7933 | D:7      | Killed a troll
  8197 | D:7      | Slain by a boulder beetle

Illustrated notes

Levels and vault maps discovered:
D:1:      dpeg_arrival_ratfight, layout_basic
D:2:      layout_rooms, shapermc_ecumenical_altar_petra
D:3:      layout_basic, lemuel_round_altar, serial_shops,
          nicolae_lakefront_shop, minmay_unequal
D:4:      layout_loops_corners, gammafunk_ghost_necromancy,
          hangedman_minor_gate_pass, uniq_robin, uniq_blork_the_orc
D:5:      layout_loops_cross, mainiacjoe_overflow_divided_tiny, serial_shops,
          nicolae_shop_bloodbath_and_beyond,
          mainiacjoe_sewer_entry_somewhere_in_here_2, uniq_eustachio
D:6:      layout_cave_pools, good_gods_mini_temple,
          minmay_temple_entry_nine_rooms, minmay_lizard_king
D:7:      layout_cave_pools, minmay_small_thing

Skill      XL: |  1  2  3  4  5  6  7  8  9 |
---------------+----------------------------+-----
Spellcasting   | 2 3 4 5 |  5.8
Fire Magic     | 4 6 7 |  7.7
Fighting       | 4 5 6 |  6.8
Polearms       | 4 |  4.6
Air Magic      | 3 5 |  5.1
Conjurations   | 3 4 |  4.7
Poison Magic   | 2 |  2.2

Action                     |  1- 3 |  4- 6 |  7- 9 || total
---------------------------+-------+-------+-------++-------
  Melee: Spear             |    54 |    60 |    43 ||   157
         Tailslap          |     3 |    15 |     7 ||    25
         Dagger            |     8 |       |       ||     8
         Punch             |       |     1 |     1 ||     2
   Cast: Scorch            |    28 |    52 |   134 ||   214
         Mephitic Cloud    |       |       |     6 ||     6
         Magic Dart        |       |       |     3 ||     3
Ability: Breathe Steam     |       |       |    11 ||    11
    Use: Scroll            |       |     8 |     4 ||    12
         Potion            |       |       |     1 ||     1
 Armour: Skin              |    38 |    43 |   130 ||   211
  Dodge: Dodged            |    31 |    27 |   101 ||   159

Table legend: (Time is in decaauts)
 A = Elapsed time spent in this place.
 B = Non-inter-level travel time spent in this place.
 C = Inter-level travel time spent in this place.
 D = Time resting spent in this place.
 E = Time spent auto-exploring this place.
 F = Levels seen in this place.
 G = Mean time per level.
                   A        B        C        D        E       F      G
               +--------+--------+--------+--------+--------+-----+--------+
         Total |   8205 |   7755 |    450 |    861 |   5694 |   8 | 1025.6 |
       Dungeon |   7943 |   7493 |    450 |    861 |   5465 |   7 | 1134.7 |
         Sewer |    261 |    261 |      0 |      0 |    229 |   1 |  261.0 |
               +--------+--------+--------+--------+--------+-----+--------+

Top non-repeatable levels by time:
     D:4: 1679 daAuts
     D:5: 1590 daAuts
     D:6: 1497 daAuts
     D:3: 1001 daAuts
     D:1: 877 daAuts
     D:2: 683 daAuts
     D:7: 614 daAuts
   Sewer: 261 daAuts
